 Dungeon Crawl Stone Soup version 0.29-a0-551-gffc1d7fb78 (webtiles) character file.

Game seed: 1205917093548354232

68 Hubjo the Chiller (level 4, -1/35 HPs)
             Began as a Demonspawn Wanderer on June 5, 2022.
             Slain by Sigmund
             ... wielding a +0 scythe
              (5 damage)
             ... on level 2 of the Dungeon.
             The game lasted 00:03:21 (1532 turns).

Hubjo the Chiller (Demonspawn Wanderer)             Turns: 1532, Time: 00:03:22

Health: -1/35      AC:  2    Str: 13    XL:     4   Next: 1%
Magic:  2/6        EV: 11    Int: 14    God:
Gold:   56         SH:  0    Dex: 13    Spells: 5/6 levels left

rFire   . . .      SeeInvis .   a - +1 falchion
rCold   . . .      Faith    .   (no shield)
rNeg    . . .      Spirit   .   c - +0 robe
rPois   .          Reflect  .   (no helmet)
rElec   .          Harm     .   (no cloak)
rCorr   .          Rampage  .   (no gloves)
Will    .....                   (no boots)
Stlth   ++........              (no amulet)
HPRegen 0.11/turn               (no ring)
MPRegen 0.10/turn               (no ring)

@: no status effects
A: demonic magic 1, demonic touch 1
a: no special abilities


You were on level 2 of the Dungeon.
You visited 1 branch of the dungeon, and saw 2 of its levels.

You collected 56 gold pieces.

Inventory:

Hand Weapons
 a - a +1 falchion (weapon)
Armour
 c - a +0 robe (worn)
Scrolls
 b - a scroll of fear
 d - 3 scrolls of enchant armour {unknown}
 g - a scroll of summoning {unknown}
 h - 2 scrolls of teleportation {unknown}
Potions
 e - a potion of haste {unknown}
 f - a potion of attraction {unknown}
 i - a potion of degeneration {unknown}
 j - a potion of mutation {unknown}
 k - a potion of might {unknown}


   Skills:
 + Level 3.4 Fighting
 - Level 1.0 Long Blades
 - Level 1.0 Dodging
 + Level 1.3 Stealth
 + Level 1.7 Spellcasting
 * Level 4.2 Ice Magic


You had 5 spell levels left.
You knew the following spells:

 Your Spells              Type           Power      Damage    Failure   Level
a - Freeze                Ice            52%        1d7       4%          1

Your spell library contained the following spells:

 Spells                   Type           Power      Damage    Failure   Level
 Frozen Ramparts          Ice            26%        1d4       13%         3
 Hailstorm                Conj/Ice       7%         3d4       71%         4


Dungeon Overview and Level Annotations

Branches:
Dungeon (2/15)

Altars:

Shops:
D:1 [

Annotations:
D:2 Sigmund


Innate Abilities, Weirdness & Mutations

Spells you cast may paralyse adjacent enemies.
Your touch may inflict minor irresistible damage on your foes.


Message History

The ball python constricts you.
You slash the ball python!
You kill the ball python!
Jessica mumbles some strange words.
Jessica blinks!
Casting: Freeze (safe; 4% risk of failure)
Confirm with . or Enter, or press ? or * to list all spells.
You don't know that spell.
You freeze Jessica.
Jessica is moderately wounded.
Jessica misses you.
Sigmund the Dreaded comes into view.
He is wielding a +0 scythe.
You freeze Jessica.
Jessica is almost dead.
Jessica hits you with a +0 dagger.
You freeze Jessica.
You kill Jessica!
Sigmund hits you from afar with a +0 scythe.
You have reached level 4!
You feel agile.
Your demonic ancestry asserts itself...
A menacing aura infuses your magic.
Sigmund hits you from afar with a +0 scythe!
Sigmund mumbles some strange words.
Sigmund flickers and vanishes!
Deactivating autopickup; reactivate with Ctrl-A.
Something hits you.
Casting: Freeze (safe; 4% risk of failure)
Confirm with . or Enter, or press ? or * to list all spells.
You can't see any susceptible monsters within range! (Use Z to cast anyway.)
Casting: Freeze (safe; 4% risk of failure)
Confirm with . or Enter, or press ? or * to list all spells.
Aiming: Freeze (safe; 4% risk of failure)
Press: ? - help, Shift-Dir - straight line There's nothing close enough!
Malevolent energies surge around you. Something hits you.
A magic dart appears from out of thin air!
The magic dart hits you!
* * * LOW HITPOINT WARNING * * *
Something hits you.
You die...

#.# #.# #.### ##########.#
#.#.. #..........# #.#..
#.#######..#######.#.. #.#
#............#.#..
#.####.###.###..#####.#.#..
#................# #.#.###
......†)###@###..## #.#.###
#######.# #.# #..# ##..#...
#.# #.# #..####.....## #..
... ...........<##
#.###.####.####....### #.#
#.# .#.####.#.#.. ..# #.#
#.......... ... ........###
##. ######..#


There were no monsters in sight!

Vanquished Creatures
  Jessica (D:2)
  An adder (D:2)
  A dart slug (D:1)
  5 bats
  A giant cockroach (D:1)
  3 goblins
  2 hobgoblins
  6 jackals (D:1)
  4 kobolds (D:1)
  2 ball pythons
  A frilled lizard (D:1)
  3 rats (D:1)
30 creatures vanquished.

Notes
Turn   | Place    | Note
-------+----------+-------------------------------------------
     0 | D:1      | Hubjo the Demonspawn Wanderer began the quest for the Orb.
     0 | D:1      | Hubjo set off with the following items: a +1 falchion, a
                  | scroll of fear, a +0 robe; and the following spell
                  | memorised: Freeze; and the following spells available to
                  | memorise: Frozen Ramparts, Hailstorm
     0 | D:1      | Reached XP level 1. HP: 18/18 MP: 2/2
    85 | D:1      | Found Buciynem's Armour Shop.
   308 | D:1      | Discovered your monstrous ancestry.
   308 | D:1      | Gained mutation: Your touch may inflict minor irresistible
                  | damage on your foes. [demonic ancestry]
   308 | D:1      | Reached XP level 2. HP: 18/24 MP: 3/3
   430 | D:1      | Found a faded altar of an unknown god.
   887 | D:1      | Reached skill level 4 in Ice Magic
   894 | D:1      | Reached skill level 1 in Stealth
  1189 | D:2      | Reached XP level 3. HP: 28/29 MP: 5/5
  1509 | D:2      | Noticed Jessica
  1518 | D:2      | Noticed Sigmund
  1520 | D:2      | Killed Jessica
  1521 | D:2      | Gained mutation: Spells you cast may paralyse adjacent
                  | enemies. [demonic ancestry]
  1521 | D:2      | Reached XP level 4. HP: 27/35 MP: 2/6
  1532 | D:2      | Slain by Sigmund

Illustrated notes

Levels and vault maps discovered:
D:1:      mrwooster_arrival_arrow, layout_loops_cross,
          ebering_ecumenical_altar_rust, serial_shops, nicolae_square_shop
D:2:      layout_loops_ring, serial_shops, nicolae_shop_behind_doors,
          minmay_rat_gold_closets, uniq_jessica, uniq_sigmund,
          uniq_crazy_yiuf_cottage

Skill      XL: |  1  2 |
---------------+-------+-----
Ice Magic      | 4 |  4.2
Stealth        | 1 |  1.3
Fighting       | |  3.4
Long Blades    | |  1.0
Dodging        | |  1.0
Spellcasting   | |  1.7

Action                   |  1- 3 |  4- 6 || total
-------------------------+-------+-------++-------
Melee: Falchion          |    69 |       ||    69
       Touch             |     8 |       ||     8
 Cast: Freeze            |     3 |     1 ||     4
Armor: Robe              |    12 |       ||    12
Dodge: Dodged            |    44 |       ||    44

Table legend: (Time is in decaauts)
 A = Elapsed time spent in this place.
 B = Non-inter-level travel time spent in this place.
 C = Inter-level travel time spent in this place.
 D = Time resting spent in this place.
 E = Time spent auto-exploring this place.
 F = Levels seen in this place.
 G = Mean time per level.
                   A        B        C        D        E       F      G
               +--------+--------+--------+--------+--------+-----+--------+
         Total |   1548 |   1537 |     11 |      0 |   1339 |   2 |  774.0 |
       Dungeon |   1548 |   1537 |     11 |      0 |   1339 |   2 |  774.0 |
               +--------+--------+--------+--------+--------+-----+--------+

Top non-repeatable levels by time:
     D:1: 1197 daAuts
     D:2: 351 daAuts
